 Dungeon Crawl Stone Soup: Circus Animals version 1.7-37-g2c94cca (webtiles) character file.

1586 FraterFugae the Conjurer (level 10, 0/99 HPs) *STANDARD*
             Began as a Tengu Conjurer on Mar 23, 2017.
             Was a Priest of Sif Muna.
             Killed from afar by an ice dragon (29 damage)
             ... with a blast of cold
             ... on level 2 of the Lair of Beasts on Mar 24, 2017.
             The game lasted 00:49:04 (7455 turns).

FraterFugae the Conjurer (Tengu Conjurer)           Turns: 7455, Time: 00:49:04

Health: 0/99       AC:  4    Str:  6    XL:     10   Next: 35%
Magic:  52/125     EV: 17    Int: 18    God:    Sif Muna [***...]
Gold:   264        SH:  0    Dex: 21    Spells: 4 memorised, 3 levels left

rFire  . . .     rPois    .     f - +2 dagger (venom)
rCold  . . .     rElec    +     a - +0 robe
rNeg   . . .     rCorr    .     (no shield) MagicSh . . . SeeInvis .
                                (helmet restricted) StaminaSh . . . Faith .
                                d - +1 cloak RegenHP +++.......
SustAt .                        (no gloves) RegenSP +++....... Dismiss .
                                (boots unavailable) RegenMP ++++++.... Reflect .
                                j - amulet of magic regeneration
MR     .....     Harm     .     (ring unavailable)
Stlth  ++++......               (ring unavailable)

@: quick, flying quickly and evasively, very quick, not resistant to hostile
enchantments, stealthy
A: beak, talons 3, thin skeletal structure 2, electricity resistance, able to
fly 2, absorb enchantments 1, good dna 2
a: Stop Flying, Channel Magic, Renounce Religion


You were on level 2 of the Lair of Beasts.
You worshipped Sif Muna.
Sif Muna was most pleased with you.
You were not hungry.

You visited 2 branches of the dungeon, and saw 9 of its levels.

You collected 539 gold pieces.
You spent 275 gold pieces at shops.

Inventory:

Hand Weapons
 b - a +0 whip
 f - a +2 dagger of venom (weapon)
Missiles
 c - 191 stones (quivered)
 e - 10 exploding tomahawks
Armour
 a - a +0 robe (worn)
 d - a +1 cloak (worn)
 i - a +0 buckler
 k - a +0 leather armour of cold resistance
Magical Staves
 g - an uncursed staff of earth
Jewellery
 h - an uncursed amulet of rage
 j - an amulet of magic regeneration (around neck)
Wands
 l - a wand of acid (7/15)
 m - a wand of random effects (23/48)
 n - a wand of paralysis (8/24)
Scrolls
 f - a scroll of recharging
 h - 3 scrolls of remove curse
 j - 5 scrolls of teleportation
 l - a scroll of brand weapon {unknown}
 n - 8 scrolls of immolation
 p - 4 scrolls of enchant weapon {unknown}
 r - 8 scrolls of enchant armour
 s - 2 scrolls of blinking {unknown}
 t - 4 scrolls of fear {unknown}
 y - 2 scrolls of fog {unknown}
 C - a scroll of magic mapping {unknown}
 D - a scroll of random uselessness {unknown}
 G - a scroll of identify
Potions
 b - 6 potions of heal wounds
 c - 4 potions of stamina
 d - 4 potions of magic
 e - 2 potions of resistance
 g - 4 potions of agility
 i - 3 potions of flight
 k - a potion of cure mutation
 m - a potion of berserk rage {unknown}
 o - 7 potions of ambrosia
 q - 9 potions of curing
 u - 5 potions of haste
 v - 2 potions of cancellation
 w - 3 potions of might
 x - 4 potions of invisibility
 A - 3 potions of brilliance
 B - a potion of beneficial mutation {unknown}
 F - a potion of mutation {unknown}
Books
 a - a book of Conjurations

   Spells                             Type                      Level
   a - Magic Dart                     Conjuration                  1
   b - Searing Ray                    Conjuration/Light            2
   c - Dazzling Spray                 Conjuration/Hexes/Light      3
   d - Fulminant Prism                Conjuration/Hexes/Time       4
   e - Iskenderun's Mystic Blast      Conjuration/Ice              4
   f - Iskenderun's Battlesphere      Conjuration/Charms/Light     5
 z - a book of Dreams

   Spells                             Type                      Level
   a - Ensorcelled Hibernation        Hexes/Ice/Time               2
   b - Silence                        Hexes/Air/Darkness           5
   c - Darkness                       Hexes/Darkness               6
   d - Shadow Creatures               Summoning/Darkness           6
 E - a book of Beasts

   Spells                             Type                      Level
   a - Summon Butterflies             Summoning/Air                1
   b - Call Canine Familiar           Summoning/Earth              3
   c - Summon Ice Beast               Ice/Summoning                4
   d - Summon Mana viper              Hexes/Summoning              5
   e - Summon Hydra                   Summoning                    7


   Skills:
 - Level 2.2 Dodging
 - Level 2.2 Stealth
 - Level 3.1 Spellcasting
 - Level 7.0 Conjurations
 * Level 4.4 Charms
 + Level 6.5 Light Magic
 - Level 4.0 Time Magic


You had 3 spell levels left.
You knew the following spells:

 Your Spells              Type           Power        Failure   Level  Hunger
a - Magic Dart            Conj           #.........   2%          1    ##.....
b - Searing Ray           Conj/Light     #.........   4%          2    ##.....
c - Fulminant Prism       Conj/Hex/Time  #.........   13%         4    ###....
d - Iskenderun's          Battles        Conj/Chrm/Light#......... 24%         5    ####...


Dungeon Overview and Level Annotations

Branches:
Dungeon (7/7)                Lair (2/7) D:7
 Shoals: Lair:2-6     Snake: Lair:2-6     Swamp: Lair:2-6

Altars:
Ashenzari
Elyvilon
Fedhas
Gozag
Kikubaaqudgha
Makhleb
Okawaru
Pakellas
Qazlal
Sif Muna
Xom

Shops:
D:6 =


Innate Abilities, Weirdness & Mutations

You have a beak for a mouth.
You have claws for feet.
You have a moderately thin skeletal structure. (Dex +4, Stealth+)
You are resistant to electric shocks. (rElec)
You can fly continuously.
Enchantments targetting you are occasionally absorbed.
You have a better chance of getting good mutations.


Message History

Found 15 gold pieces.
You don't have enough magic to cast that spell.
You don't have enough magic to cast that spell.
You conjure a prism of explosive energy!
The hippogriff closely misses your battlesphere.
The hippogriff pecks your battlesphere.
Your battlesphere is destroyed!
Your fulminant prism crackles loudly.
The spiny frog misses your fulminant prism.
Your fulminant prism explodes!
The blast of energy engulfs the ice beast. (mon hp-40)
You kill the ice beast!
Sif Muna accepts your kill.
The blast of energy engulfs the spiny frog. (mon hp-29)
You kill the spiny frog!
Sif Muna accepts your kill.
You hear a shout!
The ice dragon breathes frost at you. The blast of cold hits you!
You were prevented from receiving too much damage! (39 -> 29)
You die...

..#⌠.≈≈≈..........≈≈≈.⌠§..##...
.##.##..#....................#
.+..........*.#......H....##.#.
.######.P..P..#..D.............
.P ##P.....#...........+.##.
.## #......#...........### .#
##5.#...............# ##
#.†.#...............#
#P......P@#..##.#.$...#
#...#.....########...##
##..#....## #..# ###'....###
#.P# #.......# ≈ .##
+......'#.)≈≈ . ##....)..?≈.#
#.........### ##...........P


You could see an ice dragon and a hippogriff.

Vanquished Creatures
  An elephant (D:7)
  A siren (Lair:2)
  An ice statue (Lair:2)
  Joseph (Lair:1)
  4 spiny frogs
  A komodo dragon (Lair:1)
  2 merfolk (Lair:2)
  5 blink frogs (Lair:1)
  Prince Ribbit (D:6)
  A basilisk (Lair:1)
  A hippogriff (Lair:1)
  A wyvern (Lair:1)
  A water moccasin (Lair:1)
  8 ice beasts (Lair:2)
  3 phantoms (D:6)
  2 black bears
  2 orc warriors (D:7)
  A sky beast (D:7)
  5 porcupines
  5 ogres
  A crocodile (D:7)
  3 centaurs (D:6)
  5 giant frogs
  A scorpion (D:4)
  A centaur zombie (D:7)
  A crimson imp (D:6)
  A giant frog zombie (D:6)
  2 howler monkeys
  3 jellies
  A quasit (D:6)
  A centaur skeleton (D:6)
  2 hounds (D:7)
  11 orc priests
  8 orc wizards
  2 giant frog skeletons
  2 iguanas (Lair:1)
  6 worker ants
  A sheep (D:7)
  2 hound skeletons (D:4)
  A dart slug (D:3)
  5 giant geckos
  A gnoll (D:1)
  2 oozes (D:3)
  53 orcs
  6 worms
  12 adders
  5 giant cockroaches
  9 goblins
  6 hobgoblins
  24 jackals
  5 quokkas
  17 river rats
  A shadow imp (D:6)
  2 white imps (Lair:2)
  An adder skeleton (D:4)
  A ball python (D:2)
  8 bats
  A giant gecko skeleton (D:4)
  7 giant newts
  A jackal skeleton (D:4)
  14 kobolds
  2 quokka skeletons
  14 rats
299 creatures vanquished.

Vanquished Creatures (others)
  31 fulminant prisms
31 creatures vanquished.

Grand Total: 330 creatures vanquished

Notes
Turn   | Place    | Note
-------+----------+-------------------------------------------
     0 | D:1      | FraterFugae the Tengu Conjurer began the quest for the Orb.
     0 | D:1      | Reached XP level 1. HP: 27/27 MP: 125/125
   203 | D:1      | Reached XP level 2. HP: 35/35 MP: 115/125
   211 | D:1      | Learned a level 2 spell: Searing Ray
   240 | D:1      | Reached skill level 6 in Conjurations
   363 | D:1      | Reached XP level 3. HP: 43/43 MP: 121/125
   817 | D:2      | Reached skill level 1 in Light Magic
   827 | D:2      | Reached XP level 4. HP: 51/51 MP: 109/125
  1144 | D:2      | Learned a level 4 spell: Fulminant Prism
  1280 | D:2      | Found a deep blue altar of Sif Muna.
  1283 | D:2      | Became a worshipper of Sif Muna the Loreminder
  1370 | D:3      | Found a white marble altar of Elyvilon.
  1443 | D:3      | Reached XP level 5. HP: 59/59 MP: 106/125
  1460 | D:3      | Reached skill level 1 in Time Magic
  1949 | D:4      | Reached * piety under Sif Muna
  2000 | D:4      | Gained mutation: Enchantments targetting you are occasionally absorbed. [Tengu growth]
  2000 | D:4      | Reached XP level 6. HP: 67/67 MP: 114/125
  2161 | D:4      | Found a blossoming altar of Fedhas.
  2255 | D:4      | Found a burning altar of Makhleb.
  2333 | D:4      | Found an iron altar of Okawaru.
  2404 | D:4      | Reached ** piety under Sif Muna
  2512 | D:5      | Entered Level 5 of the Dungeon
  2598 | D:5      | Found an opulent altar of Gozag.
  2678 | D:5      | Found a faded altar of an unknown god.
  2681 | D:5      | Found a faded altar of an unknown god.
  2683 | D:5      | Found a shimmering altar of Xom.
  2683 | D:5      | Found a faded altar of an unknown god.
  3722 | D:6      | Found Rusch's Jewellery Shop.
  3745 | D:6      | Bought an uncursed amulet of magic regeneration for 275 gold pieces
  3766 | D:6      | Reached XP level 7. HP: 75/75 MP: 119/125
  3811 | D:6      | Learned a level 5 spell: Iskenderun's Battlesphere
  3831 | D:6      | Found a shattered altar of Ashenzari.
  4037 | D:6      | Noticed Prince Ribbit
  4043 | D:6      | Killed Prince Ribbit
  4361 | D:6      | Found an oddly glowing altar of Pakellas.
  4361 | D:6      | Found an ancient bone altar of Kikubaaqudgha.
  4394 | D:6      | Found a stormy altar of Qazlal.
  4623 | D:7      | Entered Level 7 of the Dungeon
  4731 | D:7      | Gained mutation: You have a better chance of getting good mutations. [Tengu growth]
  4731 | D:7      | Reached XP level 8. HP: 72/83 MP: 120/125
  5018 | D:7      | Reached *** piety under Sif Muna
  5114 | D:7      | Found a staircase to the Lair.
  5114 | D:7      | Noticed an elephant
  5145 | D:7      | Killed an elephant
  5145 | D:7      | Reached skill level 7 in Conjurations
  5375 | D:7      | Reached skill level 5 in Light Magic
  5598 | Lair:1   | Entered Level 1 of the Lair of Beasts
  5632 | Lair:1   | Noticed a spiny frog
  5644 | Lair:1   | Killed a spiny frog
  5644 | Lair:1   | Received a gift from Sif Muna
  5644 | Lair:1   | Reached skill level 1 in Charms
  5645 | Lair:1   | Noticed a spiny frog
  5652 | Lair:1   | Killed a spiny frog
  5808 | Lair:1   | Reached XP level 9. HP: 91/91 MP: 117/125
  6002 | Lair:1   | Noticed Joseph
  6006 | Lair:1   | Killed Joseph
  7373 | Lair:2   | Noticed a siren
  7376 | Lair:2   | Killed a siren
  7376 | Lair:2   | Gained mutation: You can fly continuously. [Tengu growth]
  7376 | Lair:2   | Reached XP level 10. HP: 99/99 MP: 73/76
  7400 | Lair:2   | Noticed an ice dragon
  7455 | Lair:2   | Killed from afar by an ice dragon

Skill      XL: |  1  2  3  4  5  6  7  8  9 10 |
---------------+-------------------------------+-----
Conjurations   | 6 7 |  7.0
Spellcasting   | 3 |  3.1
Light Magic    | 1 2 4 5 6 |  6.5
Time Magic     | 2 3 4 |  4.0
Charms         | 2 3 4 |  4.4
Dodging        | |  2.2
Stealth        | |  2.2

Action                   |  1- 3 |  4- 6 |  7- 9 | 10-12 || total
-------------------------+-------+-------+-------+-------++-------
Melee: Unarmed           |    14 |       |       |       ||    14
       Kick              |     5 |     7 |     1 |       ||    13
       Peck              |     1 |     3 |       |       ||     4
       Whip              |     9 |       |       |       ||     9
       Dagger            |       |    25 |     3 |       ||    28
 Cast: Magic Dart        |    50 |   158 |   170 |    18 ||   396
       Searing Ray       |     5 |    22 |     6 |       ||    33
       Fulminant Prism   |       |     3 |    22 |     6 ||    31
       Iskenderun's Batt |       |       |     2 |     1 ||     3
 Abil: Fly               |     1 |       |       |     1 ||     2
  Use: Scroll            |       |    10 |     3 |     1 ||    14
Armor: Robe              |     5 |     7 |    10 |     1 ||    23
Dodge: Dodged            |    38 |    68 |    59 |    17 ||   182
